 Dungeon Crawl Stone Soup version 0.26-a0-1222-g14533b3512 (webtiles) character file.

Game seed: 4510185501949771466

8 knot the Chopper (level 2, 15/24 HPs)
             Began as a Demonspawn Berserker on Dec 31, 2020.
             Was a Follower of Trog.
             Quit the game on level 1 of the Dungeon.
             The game lasted 00:00:22 (597 turns).

knot the Chopper (Demonspawn Berserker)              Turns: 597, Time: 00:00:22

Health: 15/24      AC:  3    Str: 17    XL:     2   Next: 0%
Magic:  2/2        EV: 12    Int:  8    God:    Trog [*.....]
Gold:   0          SH:  0    Dex: 12    Spells: 1/1 levels left

rFire    . . .     SeeInvis .   a - +0 hand axe
rCold    . . .     Faith    .   (no shield)
rNeg     . . .     Spirit   .   b - +0 animal skin
rPois    .         Reflect  .   (no helmet)
rElec    .         Harm     .   (no cloak)
rCorr    .         Rampage  .   (no gloves)
Will     .....                  (no boots)
Stlth    +.........             (no amulet)
HPRegen  0.08/turn              (no ring)
MPRegen  0.08/turn              (no ring)

@: no status effects
A: rugged brown scales 1
a: Renounce Religion, Berserk


You were on level 1 of the Dungeon.
You worshipped Trog.
Trog was aware of your devotion.
You visited 1 branch of the dungeon, and saw 1 of its levels.

Inventory:

Hand Weapons
 a - a +0 hand axe (weapon)
Armour
 b - a +0 animal skin (worn)
Scrolls
 c - a scroll of identify {unknown}
 f - a scroll of random uselessness {unknown}
 g - a scroll of teleportation {unknown}
Potions
 d - a potion of curing {unknown}
 e - a potion of might {unknown}


   Skills:
 - Level 3.0 Fighting
 + Level 3.2 Axes
 - Level 1.7 Armour
 - Level 1.7 Dodging


You had one spell level left.
You didn't know any spells.
Your spell library was empty.

Dungeon Overview and Level Annotations

Branches:
Dungeon (1/15)

Altars:
Ru


Innate Abilities, Weirdness & Mutations

You are partially covered in rugged brown scales. (AC +1, +3% HP)


Message History

You open the door.
A hobgoblin and a kobold come into view.
The hobgoblin shouts!
A hobgoblin comes into view. It is wielding a +0 club.
Found a sacrificial altar of Ru.
Found a scroll labelled WAK DUMIAN.
There is an open door here.
The hobgoblin shouts!
You hit the hobgoblin but do no damage. The hobgoblin completely misses you.
You hit the hobgoblin.
The hobgoblin is moderately wounded.
The hobgoblin misses you.
You hit the hobgoblin.
You kill the hobgoblin!
Trog accepts your kill.
You barely miss the kobold. The kobold hits you.
You have reached level 2!
Your demonic ancestry asserts itself...
Rugged brown scales grow over part of your body.
Are you sure you want to abandon this character and quit the game? (Confirm with "yes".)

...... ...... .....
###### ....
#.....##..#
.......#..#
.......#..#
..._.gK@..#
.......#..#
.......#..#
#?....##..###########
########...#.........#
#....'.....'.........#
#.####....##.........#
#########.#
#....##.........#
.......##.#
###.###.........#


You could see a hobgoblin and a kobold.

Vanquished Creatures
  A goblin (D:1)
  2 hobgoblins (D:1)
  4 kobolds (D:1)
7 creatures vanquished.

Notes
Turn   | Place    | Note
-------+----------+-------------------------------------------
     0 | D:1      | knot the Demonspawn Berserker began the quest for the Orb.
     0 | D:1      | Reached XP level 1. HP: 18/18 MP: 1/1
   592 | D:1      | Found a sacrificial altar of Ru.
   597 | D:1      | Gained mutation: You are partially covered in rugged brown
                  | scales. (AC +1, +3% HP) [demonic ancestry]
   597 | D:1      | Reached XP level 2. HP: 15/24 MP: 2/2
   597 | D:1      | Quit the game

Illustrated notes

Levels and vault maps discovered:
D:1:      mushboom_english_gardens, layout_basic, kennysheep_flooded_box

Skill      XL: |  1 |
---------------+----+-----
Axes           | 3 |  3.2
Fighting       | |  3.0
Armour         | |  1.7
Dodging        | |  1.7

Action                   || total
-------------------------++-------
Melee: Hand axe          ||    24
Invok: Berserk           ||     1
Armor: Animal skin       ||     1
Dodge: Dodged            ||    15

Table legend: (Time is in decaauts)
 A = Elapsed time spent in this place.
 B = Non-inter-level travel time spent in this place.
 C = Inter-level travel time spent in this place.
 D = Time resting spent in this place.
 E = Time spent auto-exploring this place.
 F = Levels seen in this place.
 G = Mean time per level.
                   A        B        C        D        E       F      G
               +--------+--------+--------+--------+--------+-----+--------+
         Total |    610 |    610 |      0 |    314 |    238 |   1 |  610.0 |
       Dungeon |    610 |    610 |      0 |    314 |    238 |   1 |  610.0 |
               +--------+--------+--------+--------+--------+-----+--------+

Top non-repeatable levels by time:
     D:1: 610 daAuts
